 Dungeon Crawl Stone Soup version 0.31-a0-1540-g5a0b83f448 (webtiles) character file.

Game seed: 18054327632378425462

3803 Lobster4 the Zephyrmancer (level 10, -4/53 HPs)
             Began as a Tengu Air Elementalist on Jan 1, 2024.
             Was a Believer of Vehumet.
             Slain by an unseen horror (7 damage)
             ... on level 7 of the Dungeon.
             The game lasted 00:30:06 (10336 turns).

Lobster4 the Zephyrmancer (Tengu Air Elementalist) Turns: 10336, Time: 00:30:06

Health: -4/53      AC:  4    Str: 13    XL:     10   Next: 17%
Magic:  10/18      EV: 16    Int: 19    God:    Vehumet [**....]
Gold:   362        SH:  0    Dex: 18    Spells: 2/19 levels left

rFire   + . .        t - +0 falchion (elec)
rCold   . . .        (no shield)
rNeg    . . .        u - +1 robe "Lifuomo" {rElec Str+4 Dex+3}
rPois   .            (helmet restricted)
rElec   +            (no cloak)
rCorr   .            a - +0 pair of gloves
SInv    .            (boots unavailable)
Will    .....        (no amulet)
Stlth   ++           m - ring of protection from fire
HPRegen 0.28/turn    (no ring)
MPRegen 0.16/turn

%: acrobat
@: flying
A: beak, talons 3, evasive flight, acrobatic
a: Renounce Religion


You were on level 7 of the Dungeon.
You worshipped Vehumet.
Vehumet was pleased with you.
You visited 2 branches of the dungeon, and saw 8 of its levels.

You collected 486 gold pieces.
You spent 124 gold pieces at shops.

Inventory:

Hand Weapons
 i - a +0 sling
 t - a +0 falchion of electrocution (weapon)
 x - a +0 shortbow
 y - a +0 dagger of venom
Missiles
 d - a throwing net
 l - 7 boomerangs
 A - 16 poisoned darts (quivered)
Armour
 a - a +0 pair of gloves (worn)
 u - the +1 robe "Lifuomo" (worn) {rElec Str+4 Dex+3}
   (You found it on level 3 of the Dungeon)

   Str+4:     It affects your strength (+4).
   Dex+3:     It affects your dexterity (+3).
   rElec:     It insulates you from electricity.
 v - the +0 robe of the Monk {rPois rCorr}
   (You found it on level 6 of the Dungeon)

   rPois:     It protects you from poison rCorr: It protects you from acid and
   corrosion.
Jewellery
 m - a ring of protection from fire (left hand)
Wands
 e - a wand of paralysis (8)
 f - a wand of light (9)
 q - a wand of flame (9)
Scrolls
 g - 3 scrolls of noise
 j - 2 scrolls of poison {unknown}
 k - a scroll of teleportation
 w - a scroll of silence {unknown}
 z - a scroll of enchant armour
Potions
 b - a potion of magic
 c - 2 potions of enlightenment
 h - a potion of haste
 n - 2 potions of invisibility
 o - a potion of attraction
 p - a potion of might
 r - 4 potions of brilliance
 s - 2 potions of curing
 H - 5 potions of heal wounds


   Skills:
 - Level 2.0 Fighting
 - Level 1.0 Throwing
 - Level 2.0 Armour
 - Level 2.1 Dodging
 - Level 2.0 Stealth
 + Level 5.4 Shields
 - Level 5.0 Spellcasting
 + Level 8.0 Conjurations
 + Level 4.6 Necromancy
 * Level 12.0 Air Magic
 + Level 1.8 Evocations


You had 2 spell levels left.
You knew the following spells:

 Your Spells              Type           Power      Damage    Failure   Level
a - Shock                 Conj/Air       100%       1d9       1%          1
b - Static Discharge      Conj/Air       84%        3-7/arc   1%          2
c - Borgnjor's Vile Clut  Necr/Erth      6%         N/A       80%         5
d - Airstrike             Air            25%        2d(4-20)  1%          4
e - Mercury Vapours       Alch/Air       54%        N/A       1%          2
s - Swiftness             Air            50%        N/A       1%          3

Your spell library contained the following spells:

 Spells                   Type           Power      Damage    Failure   Level
 Alistair's Intoxication  Alch           2%         N/A       98%         5
 Eringya's Noxious Bog    Alch           2%         4d6       100%        6


Dungeon Overview and Level Annotations

Branches:
Dungeon (7/15)             Temple (1/1) D:5

Altars:
Ashenzari
Cheibriados
Elyvilon
Gozag
Hepliaklqana
Kikubaaqudgha
Makhleb
Ru
Trog
Uskayaw
Vehumet
Wu Jian
Yredelemnul
The Shining One

Shops:
D:1 [!![*   D:4 *[[:   D:5 ?(*[   D:7 (

Annotations:
D:2 Sigmund
D:4 exclusion: black bear, Dowan, Duvessa
D:5 1 runed translucent door, Crazy Yiuf


Innate Abilities, Weirdness & Mutations

You have a beak for a mouth.
You have claws for feet.
Your magical flight helps you evade attacks. (EV +4)
You can magically evade attacks while moving or waiting.


Message History

Confirm with . or Enter, or press ? or * to list all spells.
Aiming: Shock (safe; 1% risk of failure)
Press: ? - help, Shift-Dir - straight line Something hits you!
Something hits you.
Casting: Shock (safe; 1% risk of failure)
Confirm with . or Enter, or press ? or * to list all spells.
Aiming: Shock (safe; 1% risk of failure)
Press: ? - help, Shift-Dir - straight line The zap hits something.
Something hits you.
Casting: Shock (safe; 1% risk of failure)
Confirm with . or Enter, or press ? or * to list all spells.
Aiming: Shock (safe; 1% risk of failure)
Press: ? - help, Shift-Dir - straight line The zap hits something.
Something hits you!
Casting: Shock (safe; 1% risk of failure)
Confirm with . or Enter, or press ? or * to list all spells.
Aiming: Shock (safe; 1% risk of failure)
Press: ? - help, Shift-Dir - straight line Something closely misses you.
Casting: Shock (safe; 1% risk of failure)
Confirm with . or Enter, or press ? or * to list all spells.
Aiming: Shock (safe; 1% risk of failure)
Press: ? - help, Shift-Dir - straight line The zap hits something but does no damage.
Something hits you!
* * * LOW HITPOINT WARNING * * *
Casting: Shock (safe; 1% risk of failure)
Confirm with . or Enter, or press ? or * to list all spells.
Aiming: Shock (safe; 1% risk of failure)
Press: ? - help, Shift-Dir - straight line The zap hits something.
Something hits you.
* * * LOW HITPOINT WARNING * * *
Something hits you but does no damage.
Casting: Shock (safe; 1% risk of failure)
Confirm with . or Enter, or press ? or * to list all spells.
Aiming: Shock (safe; 1% risk of failure)
Press: ? - help, Shift-Dir - straight line The zap hits something but does no damage.
Something hits you!
You die...

#.##..#..##.#.# #.# #
#.##..#..##.#.# #.# #
##..##.##..##.# #.# #
###.##.##.##..# #.# #
.###..#..##..## #.# #
#.####'###..# ###.# #
##.#.....#.# #...# #
#.#.#.#.#.###########.#.#
#
#.'##.##'.....{@...#...##
#
#.#.#.#.#..#######.#...#
#.#.....#.## #...##
.####'###..# ##...# .#
#.....##..## #...## #
#..###..##..# ##...#
#..##.#...##.# #...##
#..##..#....#.# ##...##
#.##...#...##.# ##...##


There were no monsters in sight!

Vanquished Creatures
  A two-headed ogre (D:7)
  A cyclops (D:7)
  A wyvern (D:7)
  3 water moccasins (D:7)
  An ice beast (D:7)
  An orc warrior (D:7)
  4 sky beasts
  3 centaurs (D:7)
  2 phantoms
  3 kobold brigands
  4 scorpions
  2 gnoll sergeants
  2 howler monkeys
  An orc priest (D:6)
  2 hounds
  2 jellies (D:4)
  A gnoll bouda (D:5)
  3 sleepcaps
  4 iguanas
  2 orc wizards
  17 gnolls
  7 adders
  4 white imps
  4 ufetubi (D:6)
  5 dart slugs
  2 ribbon worms
  12 orcs
  6 endoplasms
  4 giant cockroaches
  9 goblins
  6 hobgoblins
  2 jackals (D:1)
  14 kobolds
  4 quokkas
  6 ball pythons
  7 bats
  4 frilled lizards
  10 rats
166 creatures vanquished.

Notes
Turn   | Place    | Note
-------+----------+-------------------------------------------
     0 | D:1      | Lobster4 the Tengu Air Elementalist began the quest for the
                  | Orb.
     0 | D:1      | Reached XP level 1. HP: 10/10 MP: 4/4
   140 | D:1      | Found Pusootow's Antique Armour Shoppe.
   172 | D:1      | Found Quusiad's General Store.
   178 | D:1      | Bought a scroll of noise for 14 gold pieces
   260 | D:1      | Reached XP level 2. HP: 15/15 MP: 1/6
   268 | D:1      | Learned a level 2 spell: Static Discharge
   434 | D:1      | Found Bososil's Distillery.
   482 | D:1      | Bought a potion of degeneration for 10 gold pieces
   533 | D:1      | Found a faded altar of an unknown god.
   685 | D:1      | Found Luesyid's Antique Armour Shop.
   853 | D:1      | Found Qyw Cera's Distillery.
   935 | D:1      | Reached skill level 1 in Armour
  1034 | D:1      | Reached XP level 3. HP: 19/19 MP: 3/7
  1615 | D:2      | Reached skill level 5 in Air Magic
  1686 | D:2      | Reached XP level 4. HP: 24/24 MP: 5/8
  1959 | D:2      | Noticed Sigmund
  2548 | D:3      | Learned a level 3 spell: Swiftness
  2859 | D:3      | Identified the +1 robe "Lifuomo" {rElec Str+4 Dex+3}
  3562 | D:4      | Reached XP level 5. HP: 28/28 MP: 0/9
  3662 | D:4      | Noticed Duvessa
  3678 | D:4      | Reached skill level 1 in Throwing
  3800 | D:4      | Reached skill level 1 in Fighting
  4021 | D:4      | Reached skill level 6 in Air Magic
  4094 | D:4      | Noticed a phantom
  4113 | D:4      | Killed a phantom
  4114 | D:4      | Reached XP level 6. HP: 28/34 MP: 0/11
  4351 | D:4      | Noticed a black bear
  4429 | D:4      | Found Mintod Gimn's Book Shop.
  4611 | D:1      | Bought a potion of curing for 30 gold pieces
  4721 | D:4      | Found Lilextio's Assorted Antiques.
  4734 | D:4      | Found Wuyt's Antique Armour Emporium.
  4945 | D:4      | Reached skill level 1 in Shields
  4945 | D:4      | Reached skill level 7 in Air Magic
  4988 | D:4      | Learned a level 4 spell: Airstrike
  4988 | D:4      | Found Qiex's Antique Armour Emporium.
  5076 | D:4      | Noticed Dowan
  5110 | D:4      | Gained mutation: Your magical flight helps you evade
                  | attacks. (EV +4) [Tengu growth]
  5110 | D:4      | Reached XP level 7. HP: 36/38 MP: 9/13
  5236 | D:5      | Entered Level 5 of the Dungeon
  5239 | D:5      | Found a staircase to the Ecumenical Temple.
  5249 | Temple   | Entered the Ecumenical Temple
  5268 | Temple   | Became a worshipper of Vehumet
  5373 | D:5      | Found Afofuax's Magic Scroll Shoppe.
  5374 | D:5      | Found Fahupn's Antique Weapon Shoppe.
  5374 | D:5      | Found Witowegh's Antique Armour Shoppe.
  5374 | D:5      | Found Vocujyph's General Store.
  5426 | D:5      | Bought a scroll of teleportation for 30 gold pieces
  5951 | D:5      | Reached skill level 8 in Air Magic
  6366 | D:5      | Found a runed translucent door.
  6367 | D:5      | Noticed Crazy Yiuf
  6437 | D:5      | Reached skill level 5 in Conjurations
  6789 | D:6      | Identified the +0 robe of the Monk {rPois rCorr}
  6807 | D:6      | Reached XP level 8. HP: 43/43 MP: 8/15
  7139 | D:6      | Learned a level 5 spell: Borgnjor's Vile Clutch
  7611 | D:6      | Reached * piety under Vehumet
  7611 | D:6      | Offered knowledge of Freeze by Vehumet.
  7666 | D:6      | Reached skill level 1 in Necromancy
  7973 | D:6      | Reached skill level 9 in Air Magic
  8258 | D:5      | Bought a scroll of identify for 20 gold pieces
  8258 | D:5      | Bought a scroll of identify for 20 gold pieces
  8835 | D:7      | Noticed a troll
  8855 | D:7      | Noticed a wyvern
  8962 | D:7      | Reached XP level 9. HP: 47/47 MP: 11/17
  8980 | D:7      | Reached skill level 10 in Air Magic
  8987 | D:7      | Reached skill level 5 in Spellcasting
  9248 | D:7      | Found a hazy altar of Hepliaklqana.
  9248 | D:7      | Found a snail-covered altar of Cheibriados.
  9249 | D:7      | Found a hide-covered altar of Uskayaw.
  9249 | D:7      | Found a sacrificial altar of Ru.
  9506 | D:7      | Noticed a cyclops
  9510 | D:7      | Killed a cyclops
  9511 | D:7      | Reached skill level 11 in Air Magic
  9618 | D:7      | Found Yttumurr's Antique Weapon Boutique.
  9661 | D:7      | Offered knowledge of Mercury Vapours by Vehumet.
  9662 | D:7      | Reached skill level 5 in Shields
  9665 | D:7      | Learned a level 2 spell: Mercury Vapours
  9903 | D:7      | Reached ** piety under Vehumet
 10170 | D:7      | Noticed a two-headed ogre
 10173 | D:7      | Killed a two-headed ogre
 10174 | D:7      | Reached skill level 1 in Evocations
 10174 | D:7      | Reached XP level 10. HP: 53/53 MP: 5/18
 10176 | D:7      | Reached skill level 12 in Air Magic
 10198 | D:7      | Noticed a manticore
 10199 | D:7      | Noticed a two-headed ogre
 10336 | D:7      | Slain by an unseen horror

Illustrated notes

Levels and vault maps discovered:
D:1:      zelgadis_glass_arrival_small, layout_loops_corners,
          shapermc_ecumenical_altar_notcrosses, serial_shops,
          nicolae_shop_hallway_stairs, shop, shop, nicolae_shop_rolling_square,
          shop, minmay_misc_feat_more_columns
D:2:      layout_rooms, st_stairs_4, corexii_corridor_pit, uniq_sigmund
D:3:      layout_basic
D:4:      nicolae_BIG_FREAKIN_CUBE, layout_cave_pods, serial_shops, shop,
          nicolae_shop_peninsula, nicolae_shop_real_fake_doors, shop,
          nicolae_shop_just_a_little_nook, corexii_corridor_pit,
          minmay_misc_feat_iff, minmay_box_of_dots, uniq_duvessa, uniq_eustachio
D:5:      layout_loops_corners, minmay_temple_entry_grid,
          minmay_misc_feat_columns, minmay_shop_grid_forest,
          uniq_crazy_yiuf_cottage
D:6:      layout_rooms, serial_rivers, chequers_serial_rivers_small_3,
          chequers_serial_rivers_small_b, chequers_serial_rivers_room_a,
          chequers_serial_rivers_micro_a, chequers_serial_rivers_large_b,
          kennysheep_cross_room, roderic_malta_cross
D:7:      minmay_the_grid_octo_tiled_octocenter [minmay_the_grid_octo_shrine,
          minmay_the_grid_octo_focus, minmay_the_grid_octo_77,
          minmay_the_grid_octo_checkerflower,
          minmay_the_grid_octo_prize_single_spiral,
          minmay_the_grid_square_5x5_one_wall,
          minmay_the_grid_square_5x5_spiral,
          minmay_the_grid_square_5x5_bracketed, minmay_the_grid_square_5x5_n],
          layout_basic, serial_shops, shop_statue, eino_curves_01
Temple:   nicolae_temple_slightly_damp_pantheon

Skill      XL: |  1  2  3  4  5  6  7  8  9 10 |
---------------+-------------------------------+-----
Conjurations   | 2 3 4 5 6 8 |  8.0
Armour         | 1 2 |  2.0
Air Magic      | 5 6 7 8 9 11 12 | 12.0
Throwing       | 1 |  1.0
Fighting       | 1 2 |  2.0
Spellcasting   | 3 4 5 |  5.0
Shields        | 1 2 3 5 |  5.4
Necromancy     | 2 4 |  4.6
Evocations     | 1 |  1.8
Dodging        | |  2.1
Stealth        | |  2.0

Action                     |  1- 3 |  4- 6 |  7- 9 | 10-12 || total
---------------------------+-------+-------+-------+-------++-------
  Melee: Unarmed           |     1 |       |       |       ||     1
         Long sword        |     8 |     4 |       |       ||    12
         Peck              |     1 |       |    16 |       ||    17
         Falchion          |       |     3 |    72 |       ||    75
         Kick              |       |     1 |    18 |       ||    19
  Throw: Dart              |       |       |    29 |       ||    29
         Throwing net      |       |       |     1 |       ||     1
   Cast: Shock             |    68 |   147 |   185 |    11 ||   411
         Airstrike         |       |       |    16 |       ||    16
    Use: Scroll            |       |     2 |     9 |     5 ||    16
         Potion            |       |       |     2 |       ||     2
   Stab: Sleeping          |     1 |       |       |       ||     1
 Armour: Robe              |     8 |    20 |    95 |    12 ||   135
  Dodge: Dodged            |    16 |    33 |   164 |     8 ||   221

Table legend: (Time is in decaauts)
 A = Elapsed time spent in this place.
 B = Non-inter-level travel time spent in this place.
 C = Inter-level travel time spent in this place.
 D = Time resting spent in this place.
 E = Time spent auto-exploring this place.
 F = Levels seen in this place.
 G = Mean time per level.
                   A        B        C        D        E       F      G
               +--------+--------+--------+--------+--------+-----+--------+
         Total |  10369 |   9705 |    664 |   1266 |   6773 |   8 | 1296.1 |
       Dungeon |  10330 |   9702 |    628 |   1266 |   6773 |   7 | 1475.7 |
        Temple |     38 |      2 |     36 |      0 |      0 |   1 |   38.0 |
               +--------+--------+--------+--------+--------+-----+--------+

Top non-repeatable levels by time:
     D:7: 1935 daAuts
     D:6: 1597 daAuts
     D:5: 1550 daAuts
     D:1: 1485 daAuts
     D:4: 1429 daAuts
     D:3: 1384 daAuts
     D:2: 946 daAuts
  Temple: 38 daAuts
